[ AOE2 MATCH · #506184888 ]
UnrankedSpanish vs Georgians
Player's team · LOSS
Rival team · WIN
[ REPLAY ANALYSIS · EXTRACTED FROM THE RECORDED GAME ]
Feudal
8:53
Castle
22:59
Imperial
—
| APM avg | 69.2 |
| APM peak | 122 |
| eAPM avg | 26.6 |
| Villagers / military | 69 / 117 |
Focus
⚔️ 43.3% · 🌾 56.7%
Skirmisher ×79 · Knight ×27 · Spearman ×6 · Scout Cavalry ×3 · Archer ×2
Feudal
11:04
Castle
20:18
Imperial
—
| APM avg | 79.5 |
| APM peak | 124 |
| eAPM avg | 33.9 |
| Villagers / military | 101 / 124 |
Focus
⚔️ 42.3% · 🌾 57.7%
Skirmisher ×61 · Cavalry Archer ×44 · Monk ×4 · Scout Cavalry ×4 · Militia ×3 · Mangonel ×3
Match map
Initial resources + every placement click. Lines = walls · curves = elevation contours. ◆ gold · ⬟ stone · ● berries · ✦ relic · ◌ wall gap
Your base· ✓ Closed at 22:59 · 59t walls · no gate
CNZS_MING's base· Open — opponent sealed themselves in
Smoothed initial terrain · ◌ = detected wall gap · hover for details
Inputs per minute
— CNZS_98T - - CNZS_MING
Build order — CNZS_98T
First 150 of 296 actions detected
| 0:00 | Create | Villager (Male) |
| 0:01 | Create | Villager (Male) |
| 0:01 | Create | Villager (Male) |
| 0:01 | Create | Villager (Male) |
| 0:03 | Build | House |
| 0:05 | Build | House |
| 1:27 | Create | Villager (Male) |
| 1:55 | Build | Lumber Camp |
| 1:56 | Create | Villager (Male) |
| 2:19 | Create | Villager (Male) |
| 2:45 | Create | Villager (Male) |
| 2:45 | Create | Villager (Male) |
| 3:04 | Create | Villager (Male) |
| 3:41 | Create | Villager (Male) |
| 3:50 | Build | House |
| 3:59 | Build | Mill |
| 4:02 | Create | Villager (Male) |
| 4:02 | Create | Villager (Male) |
| 4:30 | Create | Villager (Male) |
| 4:50 | Create | Villager (Male) |
| 5:10 | Create | Villager (Male) |
| 5:38 | Research | Loom |
| 6:22 | Build | Lumber Camp |
| 6:43 | Research | Feudal Age |
| 7:27 | Build | House |
| 8:03 | Build | Barracks |
| 8:12 | Build | Palisade Wall |
| 8:14 | Build | Palisade Wall |
| 8:16 | Build | Palisade Wall |
| 8:18 | Build | Palisade Wall |
| 8:21 | Build | Palisade Wall |
| 8:22 | Create | Villager (Male) |
| 8:23 | Build | Palisade Wall |
| 8:25 | Build | Palisade Wall |
| 8:28 | Build | Palisade Wall |
| 8:32 | Build | Palisade Wall |
| 8:53 | Age | Feudal Age |
| 8:58 | Build | Archery Range |
| 9:00 | Create | Spearman |
| 9:01 | Create | Villager (Male) |
| 9:04 | Research | Double-Bit Axe |
| 9:10 | Create | Villager (Male) |
| 9:24 | Create | Archer |
| 9:41 | Create | Archer |
| 9:43 | Create | Villager (Male) |
| 10:04 | Build | Mill |
| 10:05 | Create | Villager (Male) |
| 10:12 | Build | House |
| 10:16 | Build | House |
| 10:27 | Create | Skirmisher |
| 10:34 | Create | Skirmisher |
| 10:38 | Build | Palisade Wall |
| 10:40 | Build | Palisade Wall |
| 10:48 | Create | Villager (Male) |
| 11:12 | Create | Skirmisher |
| 11:13 | Create | Villager (Male) |
| 11:38 | Create | Villager (Male) |
| 11:42 | Build | House |
| 11:43 | Build | Farm |
| 11:58 | Create | Skirmisher |
| 12:06 | Create | Villager (Male) |
| 12:09 | Build | House |
| 12:14 | Create | Skirmisher |
| 12:19 | Create | Skirmisher |
| 12:19 | Create | Villager (Male) |
| 12:34 | Create | Villager (Male) |
| 12:46 | Create | Skirmisher |
| 13:08 | Create | Villager (Male) |
| 13:10 | Build | Farm |
| 13:11 | Build | Farm |
| 13:12 | Build | Farm |
| 13:36 | Create | Villager (Male) |
| 13:37 | Create | Villager (Male) |
| 13:39 | Create | Skirmisher |
| 13:42 | Build | Blacksmith |
| 13:46 | Build | House |
| 13:52 | Create | Skirmisher |
| 13:59 | Build | Farm |
| 14:00 | Create | Villager (Male) |
| 14:13 | Create | Villager (Male) |
| 14:24 | Research | Fletching |
| 14:27 | Research | Horse Collar |
| 14:27 | Research | Horse Collar |
| 14:31 | Build | Palisade Wall |
| 14:41 | Create | Villager (Male) |
| 14:44 | Build | Palisade Wall |
| 14:47 | Build | Farm |
| 14:50 | Create | Villager (Male) |
| 14:55 | Build | House |
| 14:58 | Build | House |
| 15:04 | Create | Skirmisher |
| 15:08 | Build | Farm |
| 15:21 | Build | Farm |
| 15:21 | Create | Villager (Male) |
| 15:34 | Create | Skirmisher |
| 15:34 | Create | Skirmisher |
| 15:47 | Create | Villager (Male) |
| 15:57 | Create | Villager (Male) |
| 16:01 | Build | House |
| 16:03 | Build | Farm |
| 16:08 | Build | Lumber Camp |
| 16:08 | Create | Villager (Male) |
| 16:24 | Build | Mining Camp |
| 16:32 | Create | Skirmisher |
| 16:35 | Build | House |
| 16:37 | Build | Palisade Wall |
| 16:39 | Create | Villager (Male) |
| 16:56 | Build | Farm |
| 16:58 | Build | Farm |
| 17:02 | Build | House |
| 17:05 | Create | Villager (Male) |
| 17:11 | Build | Palisade Wall |
| 17:22 | Build | Farm |
| 17:25 | Build | Farm |
| 17:37 | Create | Villager (Male) |
| 17:44 | Build | Palisade Wall |
| 17:53 | Create | Villager (Male) |
| 18:01 | Create | Spearman |
| 18:01 | Create | Spearman |
| 18:05 | Build | Farm |
| 18:08 | Build | Farm |
| 18:10 | Create | Villager (Male) |
| 18:34 | Build | Farm |
| 18:37 | Build | Farm |
| 18:40 | Build | Market |
| 18:42 | Build | Palisade Wall |
| 18:54 | Build | Farm |
| 19:10 | Build | Lumber Camp |
| 19:20 | Build | Mining Camp |
| 19:45 | Create | Villager (Male) |
| 20:19 | Research | Castle Age |
| 20:21 | Create | Spearman |
| 20:27 | Create | Skirmisher |
| 20:28 | Create | Skirmisher |
| 20:36 | Create | Spearman |
| 20:46 | Create | Skirmisher |
| 20:54 | Build | Stable |
| 20:58 | Create | Skirmisher |
| 21:38 | Create | Spearman |
| 22:05 | Build | Stable |
| 22:27 | Research | Scale Barding Armor |
| 22:27 | Research | Scale Barding Armor |
| 22:29 | Research | Bloodlines |
| 22:29 | Research | Bloodlines |
| 22:41 | Build | House |
| 22:45 | Build | House |
| 22:47 | Build | House |
| 22:50 | Build | House |
| 22:59 | Age | Castle Age |
| 23:00 | Create | Villager (Male) |
Build order — CNZS_MING
First 150 of 350 actions detected
| 0:00 | Create | Villager (Male) |
| 0:00 | Create | Villager (Male) |
| 0:00 | Create | Villager (Male) |
| 0:02 | Build | House |
| 0:03 | Build | House |
| 0:12 | Create | Villager (Male) |
| 0:13 | Create | Villager (Male) |
| 1:31 | Create | Villager (Male) |
| 1:31 | Create | Villager (Male) |
| 2:04 | Create | Villager (Male) |
| 2:27 | Create | Villager (Male) |
| 2:36 | Create | Villager (Male) |
| 2:41 | Build | Mule Cart |
| 2:47 | Create | Villager (Male) |
| 3:09 | Create | Villager (Male) |
| 3:38 | Build | House |
| 3:50 | Create | Villager (Male) |
| 3:55 | Create | Villager (Male) |
| 4:15 | Create | Villager (Male) |
| 4:26 | Create | Villager (Male) |
| 4:26 | Create | Villager (Male) |
| 5:06 | Build | Barracks |
| 5:08 | Create | Villager (Male) |
| 5:32 | Build | House |
| 5:38 | Create | Villager (Male) |
| 6:00 | Create | Militia |
| 6:00 | Create | Militia |
| 6:04 | Create | Villager (Male) |
| 6:09 | Create | Militia |
| 6:12 | Create | Villager (Male) |
| 6:46 | Build | House |
| 6:55 | Create | Villager (Male) |
| 7:24 | Create | Villager (Male) |
| 7:31 | Build | Mill |
| 7:36 | Create | Villager (Male) |
| 8:20 | Build | Palisade Wall |
| 8:27 | Research | Loom |
| 8:44 | Build | Palisade Wall |
| 8:54 | Research | Feudal Age |
| 9:01 | Build | Palisade Wall |
| 9:02 | Build | Palisade Wall |
| 9:03 | Build | Palisade Wall |
| 9:06 | Build | Palisade Wall |
| 9:07 | Build | Palisade Wall |
| 9:07 | Build | Palisade Wall |
| 9:08 | Build | Palisade Wall |
| 9:46 | Build | House |
| 10:03 | Build | House |
| 10:16 | Build | Farm |
| 10:29 | Create | Villager (Male) |
| 10:33 | Build | Farm |
| 10:34 | Build | Farm |
| 10:39 | Build | Palisade Wall |
| 10:51 | Build | Palisade Gate |
| 11:03 | Create | Villager (Male) |
| 11:04 | Age | Feudal Age |
| 11:07 | Create | Spearman |
| 11:12 | Build | Archery Range |
| 11:20 | Build | Farm |
| 11:28 | Build | Farm |
| 11:30 | Create | Villager (Male) |
| 11:53 | Create | Villager (Male) |
| 12:06 | Create | Skirmisher |
| 12:11 | Build | Farm |
| 12:17 | Research | Wheelbarrow |
| 12:21 | Research | Double-Bit Axe |
| 12:23 | Create | Villager (Male) |
| 12:29 | Build | House |
| 13:05 | Create | Villager (Male) |
| 13:11 | Build | Farm |
| 13:15 | Create | Skirmisher |
| 13:20 | Build | Farm |
| 13:30 | Create | Villager (Male) |
| 13:30 | Create | Skirmisher |
| 13:37 | Build | Farm |
| 13:45 | Build | Farm |
| 13:58 | Build | Farm |
| 14:01 | Create | Skirmisher |
| 14:22 | Build | House |
| 14:27 | Create | Skirmisher |
| 14:33 | Create | Villager (Male) |
| 14:45 | Build | Farm |
| 14:47 | Build | Farm |
| 14:54 | Create | Villager (Male) |
| 14:57 | Create | Skirmisher |
| 15:11 | Create | Skirmisher |
| 15:15 | Create | Villager (Male) |
| 15:31 | Create | Skirmisher |
| 15:45 | Create | Villager (Male) |
| 15:47 | Build | Blacksmith |
| 15:53 | Build | Farm |
| 16:15 | Create | Villager (Male) |
| 16:24 | Build | Palisade Wall |
| 16:25 | Build | Palisade Wall |
| 16:26 | Build | Palisade Wall |
| 16:30 | Research | Fletching |
| 16:31 | Create | Villager (Male) |
| 16:32 | Create | Skirmisher |
| 16:35 | Build | House |
| 16:42 | Create | Skirmisher |
| 16:56 | Create | Villager (Male) |
| 17:02 | Build | House |
| 17:10 | Build | Stable |
| 17:38 | Research | Castle Age |
| 17:38 | Research | Castle Age |
| 17:41 | Create | Skirmisher |
| 17:48 | Build | Market |
| 18:18 | Create | Scout Cavalry |
| 18:18 | Create | Skirmisher |
| 18:27 | Research | Horse Collar |
| 18:27 | Research | Horse Collar |
| 18:30 | Create | Scout Cavalry |
| 18:35 | Build | House |
| 18:39 | Build | House |
| 18:45 | Build | Farm |
| 18:45 | Build | Farm |
| 18:53 | Create | Scout Cavalry |
| 19:03 | Create | Skirmisher |
| 19:04 | Create | Scout Cavalry |
| 19:15 | Build | Farm |
| 19:26 | Create | Skirmisher |
| 19:34 | Research | Fletching |
| 19:43 | Build | House |
| 19:45 | Build | House |
| 19:50 | Create | Skirmisher |
| 20:18 | Age | Castle Age |
| 20:18 | Create | Villager (Male) |
| 20:21 | Research | Elite Skirmisher (upgrade) |
| 20:28 | Research | Bodkin Arrow |
| 20:34 | Create | Villager (Male) |
| 20:52 | Build | University |
| 21:03 | Create | Knight |
| 21:07 | Research | Town Watch |
| 21:07 | Research | Town Watch |
| 21:15 | Create | Villager (Male) |
| 21:22 | Create | Skirmisher |
| 21:32 | Create | Villager (Male) |
| 21:43 | Create | Knight |
| 21:48 | Create | Villager (Male) |
| 21:58 | Create | Skirmisher |
| 22:15 | Create | Villager (Male) |
| 22:19 | Create | Skirmisher |
| 22:25 | Create | Cavalry Archer |
| 22:39 | Create | Villager (Male) |
| 22:42 | Build | Archery Range |
| 22:51 | Research | Ballistics |
| 23:05 | Create | Cavalry Archer |
| 23:17 | Create | Villager (Male) |
| 23:33 | Create | Villager (Male) |
| 23:39 | Research | Padded Archer Armor |
Match timeline
| 5:06 | CNZS_MING · first_building Barracks |
| 8:03 | CNZS_98T · first_building Barracks |
| 8:12 | CNZS_98T · wall_segment Palisade Wall x1 |
| 8:14 | CNZS_98T · wall_segment Palisade Wall x1 |
| 8:16 | CNZS_98T · wall_segment Palisade Wall x1 |
| 8:18 | CNZS_98T · wall_segment Palisade Wall x1 |
| 8:20 | CNZS_MING · wall_segment Palisade Wall x2 |
| 8:21 | CNZS_98T · wall_segment Palisade Wall x1 |
| 8:23 | CNZS_98T · wall_segment Palisade Wall x1 |
| 8:25 | CNZS_98T · wall_segment Palisade Wall x1 |
| 8:28 | CNZS_98T · wall_segment Palisade Wall x1 |
| 8:32 | CNZS_98T · wall_segment Palisade Wall x1 |
| 8:44 | CNZS_MING · wall_segment Palisade Wall x6 |
| 8:53 | CNZS_98T · age_up feudal |
| 8:58 | CNZS_98T · first_building Archery Range |
| 9:01 | CNZS_MING · wall_segment Palisade Wall x1 |
| 9:02 | CNZS_MING · wall_segment Palisade Wall x1 |
| 9:03 | CNZS_MING · wall_segment Palisade Wall x1 |
| 9:06 | CNZS_MING · wall_segment Palisade Wall x1 |
| 9:07 | CNZS_MING · wall_segment Palisade Wall x1 |
| 9:07 | CNZS_MING · wall_segment Palisade Wall x1 |
| 9:08 | CNZS_MING · wall_segment Palisade Wall x1 |
| 10:38 | CNZS_98T · wall_segment Palisade Wall x4 |
| 10:39 | CNZS_MING · wall_segment Palisade Wall x1 |
| 10:40 | CNZS_98T · wall_segment Palisade Wall x4 |
| 11:04 | CNZS_MING · age_up feudal |
| 11:12 | CNZS_MING · first_building Archery Range |
| 14:31 | CNZS_98T · wall_segment Palisade Wall x9 |
| 14:44 | CNZS_98T · wall_segment Palisade Wall x11 |
| 16:24 | CNZS_MING · wall_segment Palisade Wall x1 |
| 16:25 | CNZS_MING · wall_segment Palisade Wall x1 |
| 16:26 | CNZS_MING · wall_segment Palisade Wall x1 |
| 16:37 | CNZS_98T · wall_segment Palisade Wall x2 |
| 17:10 | CNZS_MING · first_building Stable |
| 17:11 | CNZS_98T · wall_segment Palisade Wall x9 |
| 17:44 | CNZS_98T · wall_segment Palisade Wall x9 |
| 18:42 | CNZS_98T · wall_segment Palisade Wall x2 |
| 19:00 | CNZS_MING · first_market_buy 100 food |
| 20:18 | CNZS_MING · age_up castle |
| 20:54 | CNZS_98T · first_building Stable |
| 22:59 | CNZS_98T · age_up castle |
| 23:49 | CNZS_98T · first_market_buy 100 food |
| 23:50 | CNZS_98T · first_market_sell 100 wood |
| 26:37 | CNZS_98T · wall_segment Palisade Wall x1 |
| 27:55 | CNZS_MING · first_building Siege Workshop |
| 29:11 | CNZS_MING · first_building Monastery |
| 29:38 | CNZS_98T · first_building Monastery |
| 34:40 | CNZS_98T · first_building Castle |
| 35:36 | CNZS_MING · first_market_sell 100 wood |
| 37:02 | CNZS_98T · resign |
[ AI ANALYSIS · 1 CREDIT ]
What really happened in this match?
Wolo.gg analyzes every decision: build order, eco, micro, common mistakes by bracket. Personalized analysis on WhatsApp or Discord in 30 seconds.
Civ guide
Spanish
Perfil
Jugador #25365699